 Dungeon Crawl Stone Soup version 0.32-a0-330-g213d367 (webtiles) character file.

Game seed: 8386585018459755636

105 skewfiend the Chopper (level 4, -6/60 HPs)
             Began as a Mountain Dwarf Monk on Feb 16, 2024.
             Was a Priest of Beogh.
             Killed by divine providence
             ... invoked by Herok the orc apostle
              (10 damage)
             ... on level 2 of the Dungeon.
             The game lasted 00:07:21 (1648 turns).

skewfiend the Chopper (Mountain Dwarf Monk)         Turns: 1648, Time: 00:07:23

Health: -6/60      AC: 22    Str: 16    XL:     4   Next: 54%
Magic:  4/4        EV:  2    Int: 10    God:    Beogh [***...]
Gold:   143        SH:  0    Dex: 12    Spells: 3/3 levels left

rFire   . . .        t - +2 dagger (venom)
rCold   . . .        d - orb {light}
rNeg    . . .        o - melded +0 scale mail
rPois   +            (helmet currently unavailable)
rElec   .            (cloak currently unavailable)
rCorr   .            (gloves currently unavailable)
SInv    .            (boots currently unavailable)
Will    +....        (no amulet)
Stlth   +            j - ring of willpower
HPRegen 0.30/turn    (no ring)
MPRegen 0.09/turn

%: no passive effects
@: confused, lethally poisoned (-6 -> -15), tree-form, ambrosia-drunk, glowing
A: stationary, stasis, torment immunity, boosted hp, runic magic, artefact
enchanting
a: Renounce Religion, Smiting


You were on level 2 of the Dungeon.
You worshipped Beogh.
Beogh was most pleased with you.
You were a tree.
You visited 1 branch of the dungeon, and saw 2 of its levels.

You collected 143 gold pieces.

Inventory:

Hand Weapons
 a - a +0 hand axe
 t - a +2 dagger of venom (weapon)
Missiles
 m - 14 stones (quivered)
Armour
 b - a +0 robe
 d - an orb of light (worn)
 n - a +0 leather armour
 o - a +0 scale mail (melded)
Jewellery
 j - a ring of willpower (left branch)
Talismans
 e - a flux talisman
Scrolls
 f - a scroll of revelation {unknown}
 g - a scroll of blinking {unknown}
 h - a scroll of enchant armour {unknown}
 k - a scroll of immolation {unknown}
 q - 2 scrolls of noise {unknown}
 r - a scroll of teleportation {unknown}
 s - a scroll of vulnerability {unknown}
Potions
 u - a potion of enlightenment


   Skills:
 + Level 4.1 Fighting
 * Level 5.3 Axes
 * Level 1.3 Armour
 - Level 2.1 Dodging
 + Level 0.9 Invocations


You had 3 spell levels left.
You didn't know any spells.
Your spell library contained the following spells:

 Spells                   Type           Power      Damage    Failure   Level
 Necrotise                Necr           0%         1d4       36%         1
 Ensorcelled Hibernation  Hex/Ice        0%         N/A       50%         2
 Passwall                 Erth           0%         N/A       75%         3
 Swiftness                Air            0%         N/A       75%         3
 Vampiric Draining        Necr           0%         2d6       75%         3
 Martyr's Knell           Necr/Summ      0%         N/A       98%         4
 Curse of Agony           Necr           0%         N/A       100%        5


Dungeon Overview and Level Annotations

Branches:
Dungeon (2/15)

Altars:
Beogh


Innate Abilities, Weirdness & Mutations

You are a tree.
Your roots penetrate the ground, keeping you stationary.
You cannot be teleported.
You are immune to unholy pain and torment.
Your maximum health is greatly increased.
Your equipment is partially melded.
Your facial features look somewhat orcish.
Your spellcasting is much less encumbered by armour.
You can use scrolls of enchantment on lesser artefacts.


Message History

You feel very sick.
Herok hits you with a +1 trident of venom.
You are lethally poisoned!
Unknown command.
Aiming: Smiting
Press: ? - help, Dir - move target, f - Herok Smite: Herok the orc apostle, wielding a +1 trident of venom and wearing a +3 leather armour (very poisoned, empowered by the touch of Beogh, haloed) Beogh booms: This is a trial of mortal prowess.
Fight with your own strength!
It was a potion of lignification.
You turn into a tree.
Your +0 scale mail melds into your body.
Your roots penetrate the ground.
You feel very sick. Herok hits you but does no damage.
You are lethally poisoned!
You hit Herok but do no damage.
Herok looks even sicker.
* * * LOW HITPOINT WARNING * * *
You feel very sick. Herok hits you but does no damage.
Unknown command.
Okay, then.
You hit Herok but do no damage.
Herok looks as sick as possible!
Herok is lightly wounded.
* * * LOW HITPOINT WARNING * * *
You feel very sick.
Herok invokes the aid of Beogh against you.
Beogh smites you!
* * * LOW HITPOINT WARNING * * *
You are confused.
You feel invigorated.
* * * LOW HITPOINT WARNING * * *
You feel very sick. Herok hits you but does no damage.
You cannot move. (Use ctrl+direction or * direction to attack while stationary and confused.)
You swing at nothing.
* * * LOW HITPOINT WARNING * * *
You feel very sick.
Herok mumbles some strange prayers to Beogh against you.
Beogh smites you!
You die...
Beogh appreciates Herok's killing of a heretic priest.

#. #. .# #. #.# #.
#.# #. # #.# ##.
#.##### ###.###..
#.....#### #.....#.#
#...♣o..#####.#.#.#.#
#.##.##)#.......#.#.#
# #.##.#.###.#......
#...†o...........#
#.#####)#.###.#.#.##.
#...)...#.###.....##.
#########.......####.
######### #. #.


You could see Herok the orc apostle (extremely poisoned, divinely empowered).

Vanquished Creatures
  Natasha (D:2)
  A dart slug (D:1)
  6 ball pythons
  4 bats
  5 endoplasms
  2 giant cockroaches (D:1)
  7 goblins
  4 hobgoblins
  6 kobolds
  2 quokkas (D:1)
  A frilled lizard (D:1)
  4 rats
43 creatures vanquished.

Notes
Turn   | Place    | Note
-------+----------+-------------------------------------------
     0 | D:1      | skewfiend the Mountain Dwarf Monk began the quest for the
                  | Orb.
     0 | D:1      | Reached XP level 1. HP: 19/19 MP: 1/1
    92 | D:1      | Reached skill level 4 in Axes
   119 | D:1      | Reached XP level 2. HP: 24/26 MP: 2/2
   461 | D:1      | Found a faded altar of an unknown god.
   464 | D:1      | Reached XP level 3. HP: 33/33 MP: 3/3
   562 | D:1      | Prayed at the altar of an unknown god.
   562 | D:1      | Became a worshipper of Beogh the Shepherd
   562 | D:1      | Reached * piety under Beogh
   562 | D:1      | Reached ** piety under Beogh
   706 | D:1      | Reached skill level 5 in Axes
  1252 | D:2      | Noticed Natasha
  1266 | D:2      | Killed Natasha
  1267 | D:2      | Reached XP level 4. HP: 12/40 MP: 0/4
  1408 | D:2      | Reached skill level 1 in Armour
  1596 | D:2      | Reached *** piety under Beogh
  1631 | D:2      | Noticed Herok
  1646 | D:2      | HP: 3/60 [Herok the orc apostle/divine providence (11)]
  1648 | D:2      | Killed from afar by Herok the orc apostle

Illustrated notes

Levels and vault maps discovered:
D:1:      kilobyte_arrival_exit_the_forest, layout_basic,
          shapermc_ecumenical_altar_starsandcircs
D:2:      layout_loops_cross, uniq_natasha

Skill      XL: |  1  2  3  4 |
---------------+-------------+-----
Axes           | 4 5 |  5.3
Fighting       | 4 |  4.1
Armour         | 1 |  1.3
Dodging        | |  2.1
Invocations    | |  0.9

Action                     |  1- 3 |  4- 6 || total
---------------------------+-------+-------++-------
  Melee: Hand axe          |    74 |    25 ||    99
         Dagger            |       |     6 ||     6
 Invoke: Smiting           |     1 |       ||     1
    Use: Potion            |       |     3 ||     3
         Scroll            |       |     2 ||     2
 Armour: Robe              |    27 |       ||    27
         Scale mail        |    10 |    24 ||    34
         Skin              |       |     3 ||     3
  Dodge: Dodged            |    49 |    13 ||    62

Table legend: (Time is in decaauts)
 A = Elapsed time spent in this place.
 B = Non-inter-level travel time spent in this place.
 C = Inter-level travel time spent in this place.
 D = Time resting spent in this place.
 E = Time spent auto-exploring this place.
 F = Levels seen in this place.
 G = Mean time per level.
                   A        B        C        D        E       F      G
               +--------+--------+--------+--------+--------+-----+--------+
         Total |   1662 |   1551 |    111 |     13 |   1218 |   2 |  831.0 |
       Dungeon |   1662 |   1551 |    111 |     13 |   1218 |   2 |  831.0 |
               +--------+--------+--------+--------+--------+-----+--------+

Top non-repeatable levels by time:
     D:1: 1217 daAuts
     D:2: 445 daAuts
